 Dungeon Crawl Stone Soup version 0.29.1-1-gd02db6906a (webtiles) character file.

Game seed: 660039071293207809

540483 raistware the Sorcerer (level 25, -4/135 (153) HPs)
             Began as an Octopode Conjurer on Sept 21, 2022.
             Was the Champion of Vehumet.
             Killed from afar by a hell hog (8 damage)
             ... with a fireball
             ... on level 2 of Gehenna on Sept 22, 2022.
             The game lasted 05:20:16 (72890 turns).

raistware the Sorcerer (Octopode Conjurer)         Turns: 72890, Time: 05:20:16

HP:   -4/135 (153)  AC:  8    Str:  2 (4)  XL:     25   Next: 97%
MP:   43/58         EV: 22    Int: 48 (50) God:    Vehumet [******]
Gold: 6824          SH: 10    Dex: 17      Spells: 17/69 levels left

rFire   . . .      SeeInvis +   x - staff of conjuration
rCold   + + .      Faith    .   Y - +3 buckler {rC+}
rNeg    + + +      Spirit   .   Q - +3 crown of Dyrovepreva {rElec Int+2 SInv}
rPois   +          Reflect  .   F - amulet of magic regeneration
rElec   +          Harm     .   N - ring "Tageed" {rN+++ MP+9 Stlth+}
rCorr   .          Rampage  .   i - +4 ring of protection
Will    ++...                   K - ring of Yxtesoor {Will+ Str-4 Int+6 Dex+7 Stlth+}
Stlth   ++++++....              d - ring "Ufynnunn" {rC+ Str+4 Int+6 Dex-3 Stlth+}
HPRegen 0.32/turn               M - +6 ring of intelligence
MPRegen 0.76/turn               S - ring of Sifriwk {Wiz Slay+5}
                                A - ring of poison resistance
                                P - ring of protection from fire

@: weakened, fire vulnerable, heavily drained, unable to read
A: almost no armour, amphibious, 8 rings, camouflage 1, gelatinous body 1,
(nimble swimmer 1), tentacles, deterioration 1, [frail 1], [weak 1]
}: 3/15 runes: decaying, serpentine, slimy
a: Renounce Religion


You were on level 2 of Gehenna.
You worshipped Vehumet.
Vehumet was exalted by your worship.
You visited 13 branches of the dungeon, and saw 53 of its levels.
You visited 1 bazaar.
You also visited: Trove, Ossuary, Bailey and Ice Cave.

You collected 9912 gold pieces.
You spent 3088 gold pieces at shops.

Inventory:

Missiles
 o - 3 throwing nets
 B - 12 curare-tipped darts
Armour
 Q - the +3 crown of Dyrovepreva (worn) {rElec Int+2 SInv}
   (You found it on level 12 of the Dungeon)

   Int:       It affects your intelligence (+2).
   rElec:     It insulates you from electricity.
   SInv:      It lets you see invisible.
 Y - a +3 buckler of cold resistance (worn)
Magical Staves
 b - a staff of earth
 x - a staff of conjuration (weapon)
Jewellery
 a - a ring of flight
 d - the ring "Ufynnunn" (on tentacle) {rC+ Str+4 Int+6 Dex-3 Stlth+}
   (You acquired it on level 9 of the Dungeon)

   [ring of intelligence]

   Str:       It affects your strength (+4).
   Int:       It affects your intelligence (+6).
   Dex:       It affects your dexterity (-3).
   rC:        It protects you from cold.
   Stlth:     It makes you more stealthy.
 i - a +4 ring of protection (right tentacle)
 j - a ring of willpower
 k - a ring of resist corrosion
 n - a ring of protection from cold
 A - a ring of poison resistance (on tentacle)
 C - an amulet of reflection
 F - an amulet of magic regeneration (around mantle)
 K - the ring of Yxtesoor (on tentacle) {Will+ Str-4 Int+6 Dex+7 Stlth+}
   (You acquired it on level 3 of the Elven Halls)

   [ring of intelligence]

   Str:       It affects your strength (-4).
   Int:       It affects your intelligence (+6).
   Dex:       It affects your dexterity (+7).
   Will:      It increases your willpower.
   Stlth:     It makes you more stealthy.
 M - a +6 ring of intelligence (on tentacle)
 N - the ring "Tageed" (left tentacle) {rN+++ MP+9 Stlth+}
   (You acquired it on level 9 of the Dungeon)

   [ring of magical power]

   rN:        It renders you almost immune to negative energy.
   MP:        It affects your magic capacity (+9).
   Stlth:     It makes you more stealthy.
 P - a ring of protection from fire (on tentacle)
 S - the ring of Sifriwk (on tentacle) {Wiz Slay+5}
   (You found it on level 3 of the Elven Halls)

   [ring of wizardry]

   It improves your spell success rate.
   Slay:      It affects your accuracy & damage with ranged weapons and melee
   (+5).
 V - a ring of protection from fire
 Z - the ring of the Past {Fire rElec rN+ Int+3}
   (You found it on level 4 of the Lair of Beasts)

   [ring of fire]

   It enhances your fire magic.
   Int:       It affects your intelligence (+3).
   rF:        It protects you from fire.
   rC:        It makes you vulnerable to cold.
   rElec:     It insulates you from electricity.
   rN:        It protects you from negative energy.
Wands
 g - a wand of paralysis (25)
 h - a wand of digging (8)
 G - a wand of polymorph (24)
 O - a wand of mindburst (22)
 R - a wand of iceblast (36)
 T - a wand of light (15)
Scrolls
 t - 33 scrolls of teleportation
 u - 10 scrolls of amnesia
 v - 3 scrolls of enchant armour
 w - 2 scrolls of poison
 y - 12 scrolls of blinking
 D - 9 scrolls of vulnerability
 E - 17 scrolls of butterflies
 L - 3 scrolls of magic mapping
 W - 2 scrolls of summoning
 X - 10 scrolls of fear
Potions
 c - 3 potions of cancellation
 e - 6 potions of berserk rage
 f - 9 potions of haste
 l - 16 potions of flight
 m - 13 potions of magic
 p - 12 potions of lignification
 q - 6 potions of ambrosia
 r - 7 potions of heal wounds
 z - 12 potions of brilliance
 H - 24 potions of curing
 I - 11 potions of attraction
 J - 7 potions of invisibility
 U - a potion of resistance


   Skills:
 + Level 14.3 Fighting
 - Level 5.0 Staves
 + Level 15.1 Dodging
 - Level 3.0 Stealth
 - Level 9.0 Shields
 + Level 22.8 Spellcasting
 - Level 20.0 Conjurations
 - Level 2.0 Translocations
 - Level 5.0 Transmutations
 - Level 18.0 Fire Magic
 - Level 15.0 Earth Magic
 - Level 6.0 Poison Magic
 - Level 14.3 Evocations


You had 17 spell levels left.
You knew the following spells:

 Your Spells              Type           Power      Damage    Failure   Level
a - Magic Dart            Conj           100%       1d8       0%          1
b - Iskenderun's Mystic   Conj/Tloc      100%       2d19      1%          4
d - Freezing Cloud        Conj/Ice/Air   54%        6-21      1%          5
e - Statue Form           Tmut/Erth      66%        N/A       1%          6
g - Iron Shot             Conj/Erth      73%        9d13      1%          6
h - Fireball              Conj/Fire      75%        3d28      0%          5
i - Irradiate             Conj/Tmut      66%        3d33      1%          5
j - Fire Storm            Conj/Fire      75%        8d19      1%          9
k - Shatter               Erth           57%        3d43*     9%          9
q - Blink                 Tloc           100%       N/A       1%          2

Your spell library contained the following spells:

 Spells                   Type           Power      Damage    Failure   Level
 Chain Lightning          Conj/Air       61%        3d82      45%         9
 Shock                    Conj/Air       100%       1d9       0%          1
 Scorch                   Fire           100%       2d10      0%          2
 Searing Ray              Conj           100%       2d8       0%          2
 Static Discharge         Conj/Air       100%       3-16/arc  0%          2
 Dazzling Flash           Conj/Hex       100%       N/A       0%          3
 Ignite Poison            Fire/Tmut/Pois 99%        N/A       0%          3
 Flame Wave               Conj/Fire      100%       2d21      0%          4
 Sticky Flame             Conj/Fire      100%       2d11      0%          4
 Iskenderun's Battlesphe  Conj           100%       2d15      0%          5
 Lee's Rapid Deconstruct  Erth           57%        3d28*     0%          5
 Freeze                   Ice            100%       1d11      1%          1
 Necrotise                Necr           100%       1d9       1%          1
 Slow                     Hex            100%       N/A       1%          1
 Sting                    Tmut/Pois      100%       1d8       1%          1
 Call Imp                 Summ           53%        N/A       1%          2
 Ensorcelled Hibernation  Hex/Ice        100%       N/A       1%          2
 Poisonous Vapours        Pois/Air       100%       N/A       1%          2
 Sublimation of Blood     Necr           53%        N/A       1%          2
 Wereblood                Tmut           80%        N/A       1%          2
 Call Canine Familiar     Summ           53%        N/A       1%          3
 Confusing Touch          Hex            53%        N/A       1%          3
 Gell's Gravitas          Tloc           65%        N/A       1%          3
 Lesser Beckoning         Tloc           65%        N/A       1%          3
 Mephitic Cloud           Conj/Pois/Air  100%       N/A       1%          3
 Ozocubu's Armour         Ice            53%        N/A       1%          3
 Portal Projectile        Hex/Tloc       100%       N/A       1%          3
 Spider Form              Tmut/Pois      82%        N/A       1%          3
 Swiftness                Air            53%        N/A       1%          3
 Teleport Other           Tloc           65%        N/A       1%          3
 Tukima's Dance           Hex            53%        N/A       1%          3
 Vampiric Draining        Necr           53%        2d9       1%          3
 Airstrike                Air            26%        2d(4-20)  1%          4
 Anguish                  Hex/Necr       26%        N/A       1%          4
 Corpse Rot               Necr/Pois/Air  65%        N/A       1%          4
 Dispel Undead            Necr           53%        3d19      1%          4
 Fulminant Prism          Conj/Hex       61%        3d27      1%          4
 Leda's Liquefaction      Hex/Erth       45%        N/A       1%          4
 Olgreb's Toxic Radiance  Pois           84%        N/A       1%          4
 Passage of Golubria      Tloc           65%        N/A       1%          4
 Petrify                  Tmut/Erth      100%       N/A       1%          4
 Blade Hands              Tmut           40%        N/A       1%          5
 Borgnjor's Vile Clutch   Necr/Erth      45%        N/A       1%          5
 Manifold Assault         Tloc           65%        N/A       1%          5
 Yara's Violent Unravell  Hex/Tmut       34%        3d14      1%          5
 Spellforged Servitor     Conj/Summ      61%        N/A       1%          7
 Summon Forest            Summ/Tloc      29%        N/A       2%          5
 Agony                    Necr           53%        N/A       4%          5
 Metabolic Englaciation   Hex/Ice        26%        N/A       4%          5
 Silence                  Hex/Air        26%        N/A       4%          5
 Summon Mana Viper        Hex/Summ       53%        N/A       4%          5
 Dispersal                Tloc           32%        N/A       9%          6
 Simulacrum               Ice/Necr       26%        N/A       21%         6
 Summon Cactus Giant      Summ           26%        N/A       21%         6
 Ozocubu's Refrigeration  Ice            26%        4d13      28%         7
 Storm Form               Tmut/Air       34%        N/A       38%         7
 Malign Gateway           Summ/Tloc      29%        N/A       56%         7
 Enfeeble                 Hex            26%        N/A       71%         7
 Haunt                    Necr/Summ      26%        N/A       71%         7
 Summon Hydra             Summ           26%        N/A       71%         7
 Necromutation            Tmut/Necr      34%        N/A       95%         8
 Disjunction              Tloc           32%        N/A       98%         8
 Borgnjor's Revivificati  Necr           26%        N/A       100%        8
 Summon Horrible Things   Summ           26%        N/A       100%        8
 Death's Door             Necr           26%        N/A       100%        9
 Polar Vortex             Ice            26%        N/A       100%        9


Dungeon Overview and Level Annotations

Branches:
Dungeon (15/15)            Temple (1/1) D:5            Lair (5/5) D:10
  Swamp (4/4) Lair:2        Snake (4/4) Lair:2        Slime (5/5) Lair:5
    Orc (2/2) D:11            Elf (3/3) Orc:2        Vaults (4/5) D:13
  Crypt (3/3) Vaults:2       Tomb (0/3) Crypt:3      Depths (4/4) D:15
   Hell (visited)             Dis (0/7) Hell            Geh (2/7) Hell
    Coc (0/7) Hell            Tar (0/7) Hell            Zot (0/5) Depths:4
Ossuary (visited)          Bailey (visited)           IceCv (visited)

Altars:
Ashenzari
Cheibriados
Dithmenos
Elyvilon
Fedhas
Gozag
Hepliaklqana
Kikubaaqudgha
Makhleb
Nemelex Xobeh
Okawaru
Qazlal
Ru
Sif Muna
Trog
Uskayaw
Vehumet
Wu Jian
Xom
Yredelemnul
Zin
The Shining One
Jiyva

Shops:
D:4 *   D:6 [*   D:14 :   Orc:1 (   Orc:2 [==:[   Snake:1 (   Snake:4 ?
Vaults:1 =   Depths:2 *

Portals:
Hell: Depths:1 Depths:2 Depths:3 Depths:4
Abyss: D:13 Depths:2 Depths:3 Depths:4
Pandemonium: Depths:2 Depths:3 Depths:4
Ziggurat: Depths:2

Annotations:
Elf:2 3 runed translucent doors, exclusion: 3 doors


Innate Abilities, Weirdness & Mutations

You cannot wear most types of armour.
You are amphibious.
You can wear up to eight rings at the same time.
Your skin changes colour to match your surroundings (Stealth+).
Your rubbery body absorbs attacks. (AC +1, EV +1)
((You are camouflaged when in or above water. (Stealth+)))
You have tentacles for arms and can constrict up to eight enemies at once.
Your body sometimes deteriorates upon taking damage.
[You are frail. (-10% HP)]
[You are weak. (Str -2)]


Message History

* * * LOW HITPOINT WARNING * * *
The fireball engulfs the searing wretch.
The searing wretch completely resists.
The fireball engulfs the salamander tyrant.
The salamander tyrant completely resists.
A hell hog comes into view.
The hell hog barely misses your fire vortex.
The salamander tyrant misses you.
The stoker casts a spell.
Your fire vortex hits the hell hog.
Your fire vortex dissipates!
The searing wretch closely misses you. The searing wretch misses you.
The searing wretch bites you but does no damage.
The hell hog squeals angrily. x2; You hear a shout!
Casting: Iron Shot (safe; 1% risk of failure)
Confirm with . or Enter, or press ? or * to list all spells.
You feel a surge of power!
You erupt in a blast of force!
The mystic blast hits the hell hog!!
The hell hog is heavily wounded.
The hell hog is knocked back by the mystic blast.
The hell hog collides with the hell hog!
The hell hog is almost dead.
The hell hog is heavily wounded.
The mystic blast hits the salamander tyrant!!
The salamander tyrant is heavily wounded.
The salamander tyrant is knocked back by the mystic blast.
The mystic blast hits the searing wretch!
The searing wretch is heavily damaged.
The searing wretch is knocked back by the mystic blast.
The searing wretch slams into the rock wall!
The searing wretch is heavily damaged.
A hell hog comes into view.
The hell hog breathes fire at you.
The fireball explodes!
The fireball engulfs you!!
* * * LOW HITPOINT WARNING * * *
The fireball engulfs the searing wretch.
The searing wretch completely resists.
The hell hog breathes fire at you.
The fireball explodes!
The fireball engulfs you!
You die...

## ####.
##....###
#..§.§n.###
#...≈§@§°h#
#§.≈§§≈≈hhv.°.
###§≈§≈§○h.○..
##§≈N≈≈h....
#§§≈h.v....
#≈*≈...÷h..
hh≈.h....#.
..L.......#


You could see a searing wretch, a stoker, a salamander tyrant, 9 hell hogs, a
creeping inferno (summoned) and 2 friendly fire vortices.

Vanquished Creatures
  the Royal Jelly (Slime:5)
  An ancient lich (Crypt:3)
  A juggernaut (Depths:4)
  Sojobo (Vaults:3)
  A shard shrike (IceCv)
  the Lernaean hydra (Swamp:4)
  Vashnia (Snake:2)
  Bai Suzhen (Swamp:3)
  Saint Roka (Elf:3)
  Margery (Crypt:1)
  Geryon (Hell)
  2 golden dragons
  A bone dragon (Crypt:3)
  2 hellephants
  A tentacled monstrosity (Depths:2)
  Jorgrun (Swamp:1)
  4 titans
  2 liches
  2 deep elf master archers (Elf:3)
  Zenata (Vaults:4)
  A deep elf blademaster (Elf:3)
  Murray (Hell)
  18 acid blobs
  4 sphinxes
  2 ancient champions
  Kirke (D:14)
  A shadow dragon (Hell)
  A tengu reaver (Vaults:3)
  A revenant (Crypt:2)
  A thorn hunter (Swamp:2)
  3 storm dragons
  A draconian monk (Depths:4)
  5 nagarajas
  8 fire giants
  11 rockslimes
  13 azure jellies
  10 deep elf sorcerers
  2 frost giants
  2 orc warlords
  6 vault wardens
  An iron dragon (Hell)
  2 balrugs
  Louise (Swamp:2)
  A cacodemon (Hell)
  The ghost of mtoz the Skirmisher, a journeyman GnWn of Okawaru (D:13)
  14 ghouls
  A draconian scorcher (Depths:4)
  5 deep elf elementalists (Elf:3)
  8 war gargoyles
  17 ironbound preservers
  7 ironbound thunderhulks
  16 quicksilver oozes
  11 very ugly things
  3 reapers (Hell)
  12 stone giants
  6 deep elf demonologists
  2 dire elephants
  14 vampire knights
  A black draconian (Depths:4)
  5 bunyips
  A yellow draconian (Depths:4)
  4 white draconians
  The ghost of Murgh the Cleaver, a journeyman MiBe of Trog (Lair:4)
  8 deep elf annihilators
  5 spark wasps (Depths:2)
  2 merfolk javelineers (Depths:4)
  4 crystal guardians
  7 fire dragons
  10 deep elf death magi
  2 eidola
  A blizzard demon (Hell)
  8 ettins
  3 jiangshi
  The ghost of Ypehuijo the Spear-Bearer, a journeyman OpFi of Gozag (Lair:5)
  7 deep elf high priests
  A rakshasa (Depths:2)
  7 great orbs of eyes
  4 vault guards
  10 yaktaur captains
  4 spriggan zombies
  25 hydras
  3 hell beasts (Hell)
  3 peacekeepers
  5 salamander tyrants
  6 ice dragons
  8 boulder beetles
  3 catoblepae
  11 centaur warriors
  A boulder beetle (shapeshifter) (Depths:2)
  An ogre mage (Vaults:4)
  The ghost of sausages the Cleaver, a journeyman FoFi of Okawaru (D:11)
  6 spriggan air magi
  6 ironbound frosthearts
  2 bennu zombies (Crypt:1)
  A fenstrider witch skeleton (Crypt:3)
  10 anacondas
  4 spriggan skeletons
  A death knight (Crypt:1)
  A ghost crab (Swamp:4)
  A merfolk avatar (Lair:5)
  4 death yaks (Lair:5)
  2 stokers (Geh:1)
  24 dancing weapons
  17 alligators
  11 two-headed ogres
  10 deep troll shamans
  14 naga warriors
  8 vampire magi
  9 hell hogs
  3 tengu warriors
  7 deep troll earth magi
  9 spriggan berserkers
  32 hell knights
  15 naga sharpshooters
  6 soul eaters
  19 deep elf knights
  3 orc high priests (Orc:2)
  6 sun demons
  3 shock serpents
  15 skeletal warriors
  Amaemon (Lair:3)
  3 sixfirhies (Hell)
  7 iron trolls
  2 shadow wraiths (Hell)
  2 spriggan druids
  6 goliath frogs
  A death drake (Swamp:3)
  A bunyip zombie (Hell)
  2 flayed ghosts
  An orange crystal statue (IceCv)
  7 naga ritualists
  50 deep trolls
  A sea snake (shapeshifter) (D:14)
  4 salamander mystics
  An orb spider (shapeshifter) (D:10)
  19 deep elf archers
  8 swamp dragons (Swamp:4)
  2 golden dragon skeletons
  11 phantasmal warriors
  4 glowing orange brains
  6 lindwurms
  5 bog bodies
  7 ironbound convokers
  19 necromancers
  Pikel (D:4)
  2 spriggan simulacra (Elf:3)
  6 wizards
  A shining eye (shapeshifter) (Depths:4)
  25 deep elf zephyrmancers
  4 harpies
  7 orc sorcerers
  48 ugly things
  30 deep elf pyromancers
  3 will-o-the-wisps
  4 mana vipers
  9 manticores
  6 cyclopes
  11 orc knights
  7 shining eyes
  A stone giant zombie (Crypt:3)
  11 salamanders
  A worldbinder (D:13)
  10 elephants (Lair:5)
  6 guardian serpents
  28 black mambas
  2 orange demons
  16 vault sentinels
  An elephant slug zombie (Crypt:2)
  24 naga magi
  3 molten gargoyles (Hell)
  A torpor snail (Lair:4)
  6 smoke demons
  25 rime drakes
  5 eyes of devastation
  A gargoyle (D:14)
  A shock serpent skeleton (Crypt:2)
  7 rust devils (Hell)
  A kobold demonologist (D:10)
  13 cane toads
  An unseen horror (shapeshifter) (Vaults:1)
  An efreet (D:13)
  2 ice devils
  A purple draconian zombie (Crypt:2)
  4 hellions
  3 tengu conjurers
  2 freezing wraiths (Crypt:1)
  6 komodo dragons
  28 yaktaurs
  A yaktaur (shapeshifter) (D:14)
  A tormentor (Geh:1)
  A black draconian skeleton (Crypt:1)
  A merfolk (D:10)
  A hellwing (Depths:2)
  3 trolls
  2 bloated husks (Swamp:3)
  25 polar bears
  A yellow draconian skeleton (Crypt:2)
  2 harpy zombies
  14 hornets
  Prince Ribbit (Bailey)
  A sphinx simulacrum (Vaults:4)
  6 tyrant leeches
  A wind drake (shapeshifter) (Depths:2)
  A harpy skeleton (Crypt:1)
  2 snapping turtles (Lair:5)
  An ettin zombie (Crypt:3)
  15 blink frogs
  99 slime creatures
  40 flying skulls
  2 shadows
  2 alligator skeletons (Crypt:1)
  3 dire elephant simulacra
  2 air elementals
  2 centaur simulacra
  4 water elementals
  4 wraiths
  26 spriggans
  5 basilisks
  5 humans (Bailey)
  A wyvern (Lair:5)
  3 vampires (Vaults:2)
  Eustachio (D:4)
  3 fire elementals
  11 golden eyes
  3 steam dragons
  51 yaks
  5 chaos spawn
  3 hogs (D:14)
  A minotaur simulacrum (Elf:3)
  22 vampire mosquitoes
  A large abomination (D:13)
  A harpy simulacrum (Elf:3)
  A two-headed ogre zombie (D:11)
  A naga zombie (Hell)
  4 wargs
  12 swamp worms
  2 acid dragons
  53 nagas
  A hydra simulacrum (Lair:4)
  Duvessa (D:4)
  9 water moccasins
  5 floating eyes
  3 hell hounds (Hell)
  A faun skeleton (Crypt:1)
  A black bear (D:6)
  A demonspawn skeleton (Crypt:1)
  A glowing shapeshifter skeleton (Vaults:4)
  An ice beast (D:11)
  39 orc warriors
  8 swamp drakes (Swamp:4)
  2 black mamba simulacra (Lair:4)
  11 boggarts
  7 ogres
  A boggart (shapeshifter) (Elf:1)
  A lemure (D:4)
  4 wolves
  12 centaurs
  3 phantoms (D:11)
  3 kobold brigands
  Blork the orc (D:4)
  25 bullfrogs
  4 earth elementals
  A gnoll sergeant (D:10)
  13 scorpions
  9 necrophages
  A cane toad simulacrum (Lair:4)
  A deep troll simulacrum (Elf:3)
  A yaktaur skeleton (Crypt:2)
  A cyclops zombie (Crypt:2)
  10 wights
  Dowan (D:4)
  3 killer bees (D:8)
  4 troll zombies (D:11)
  A lindwurm simulacrum (Elf:3)
  2 dream sheep simulacra (Lair:4)
  2 electric eels
  4 howler monkeys
  3 centaur zombies (Ossuary)
  A human zombie (Ossuary)
  3 jellies
  26 orc priests
  A gnoll bouda (D:6)
  2 centaur skeletons
  27 orc wizards
  2 scorpion zombies (Ossuary)
  An iguana (D:4)
  18 hell rats
  3 ogre zombies (D:11)
  4 mummies
  Robin (D:3)
  3 adders
  10 gnolls
  An adder (shapeshifter) (Vaults:3)
  21 river rats (D:5)
  A steam dragon skeleton (Crypt:2)
  2 shadow imps (D:7)
  4 white imps
  An ufetubus (D:6)
  2 worms
  A dart slug (D:5)
  84 orcs
  8 endoplasms
  5 giant cockroaches
  15 goblins
  9 hobgoblins
  8 jackals (D:4)
  4 quokkas
  10 ball pythons
  7 bats
  A frilled lizard (D:2)
  2 goblin skeletons (D:11)
  4 goblin zombies
  A hobgoblin skeleton (D:11)
  7 hobgoblin zombies
  A jackal zombie (Crypt:2)
  17 kobolds
  2 kobold zombies
  5 orc skeletons (D:11)
  13 orc zombies
  10 rats
  A creeping inferno (Geh:1)
  4 fire vortices
2206 creatures vanquished.

Vanquished Creatures (collateral kills)
  A lich (Crypt:3)
  An acid blob (Slime:5)
  A sphinx (Vaults:4)
  A tengu reaver (Vaults:3)
  Aizul (Snake:4)
  A vault warden (Vaults:1)
  A frost giant (Depths:2)
  2 very ugly things
  A stone giant (Depths:2)
  An ironbound preserver (Vaults:1)
  An ironbound thunderhulk (Vaults:4)
  A yaktaur captain (Vaults:2)
  A naga warrior (Snake:4)
  An iron troll (Depths:4)
  A deep troll (Vaults:2)
  2 necromancers (Crypt:1)
  2 slime creatures
  A dire elephant skeleton (Crypt:1)
  A naga mage (Snake:3)
  A human skeleton (Vaults:4)
  3 yaktaurs
  2 nagas
  A large abomination (D:13)
  An orc warrior (Vaults:2)
  A blink frog skeleton (Crypt:1)
  A necrophage (Crypt:1)
32 creatures vanquished.

Vanquished Creatures (others)
  A death yak (Lair:5)
  A water elemental (Elf:2)
  An orc wizard (D:5)
  A quokka (Depths:3)
  473 fire vortices
  10 foxfires
  45 fungi
  78 plants
610 creatures vanquished.

Grand Total: 2848 creatures vanquished

Notes
Turn   | Place    | Note
-------+----------+-------------------------------------------
     0 | D:1      | raistware the Octopode Conjurer began the quest for the
                  | Orb.
     0 | D:1      | Reached XP level 1. HP: 11/11 MP: 3/3
   257 | D:1      | Reached XP level 2. HP: 17/17 MP: 0/5
   653 | D:1      | Reached skill level 3 in Spellcasting
   863 | D:1      | Found a faded altar of an unknown god.
   981 | D:2      | Reached XP level 3. HP: 21/21 MP: 5/7
  1446 | D:2      | Reached XP level 4. HP: 27/27 MP: 2/9
  1490 | D:2      | Reached skill level 4 in Spellcasting
  1544 | D:2      | Reached skill level 1 in Translocations
  1549 | D:2      | Learned a level 4 spell: Iskenderun's Mystic Blast
  2159 | D:3      | Learned a level 3 spell: Mephitic Cloud
  2213 | D:3      | Found a white marble altar of Elyvilon.
  2275 | D:3      | Found a snail-covered altar of Cheibriados.
  2367 | D:3      | Noticed Robin
  2419 | D:3      | Killed Robin
  2420 | D:3      | Reached XP level 5. HP: 5/31 MP: 1/11
  3396 | D:4      | Noticed a lemure
  3411 | D:4      | Noticed Eustachio
  3426 | D:4      | Killed Eustachio
  3427 | D:4      | Reached skill level 5 in Spellcasting
  3427 | D:4      | Reached XP level 6. HP: 35/36 MP: 3/13
  3539 | D:4      | Noticed Blork the orc
  3543 | D:4      | Found a bloodstained altar of Trog.
  3545 | D:4      | Killed Blork the orc
  3546 | D:4      | Reached skill level 5 in Conjurations
  3546 | D:4      | Reached skill level 1 in Fire Magic
  3708 | D:4      | Noticed Pikel
  3796 | D:4      | Killed Pikel
  3797 | D:4      | Reached skill level 6 in Spellcasting
  3797 | D:4      | Reached XP level 7. HP: 40/41 MP: 8/16
  3797 | D:4      | Reached XP level 8. HP: 45/46 MP: 8/17
  3902 | D:4      | Found Husevvu's General Store.
  3913 | D:4      | Bought a scroll of identify for 20 gold pieces
  3937 | D:4      | Found a sand-covered staircase.
  3976 | Ossuary  | Entered an ossuary
  4069 | Ossuary  | Learned a level 5 spell: Freezing Cloud
  4163 | Ossuary  | Reached skill level 1 in Staves
  4163 | Ossuary  | Reached skill level 1 in Evocations
  4261 | Ossuary  | Reached skill level 1 in Fighting
  4626 | Ossuary  | Reached skill level 7 in Spellcasting
  4882 | Ossuary  | Reached XP level 9. HP: 52/53 MP: 4/20
  5324 | D:4      | Noticed Duvessa
  5326 | D:4      | Noticed Dowan
  5377 | D:4      | Killed Duvessa
  5379 | D:4      | Killed Dowan
  5428 | D:5      | Entered Level 5 of the Dungeon
  5456 | D:5      | Reached skill level 8 in Spellcasting
  5882 | D:5      | Found a radiant altar of Vehumet.
  5882 | D:5      | Found an ornate altar of the Wu Jian Council.
  5886 | D:5      | Became a worshipper of Vehumet
  5888 | D:5      | Found a stormy altar of Qazlal.
  5891 | D:5      | Found a shadowy altar of Dithmenos.
  5980 | D:5      | Found an iron altar of Okawaru.
  5986 | D:5      | Found a glowing golden altar of the Shining One.
  6168 | D:5      | Found a sacrificial altar of Ru.
  6211 | D:5      | Found a staircase to the Ecumenical Temple.
  6219 | Temple   | Entered the Ecumenical Temple
  6601 | D:5      | Reached * piety under Vehumet
  6601 | D:5      | Offered knowledge of Freeze by Vehumet.
  6698 | D:5      | Found the +2 ratskin cloak {*Rats rPois rN+ Str-1 Int-1
                  | Dex+1}
  6858 | D:5      | Learned a level 6 spell: Statue Form
  7196 | D:6      | Found Gutaklod's Gadget Gallery.
  7213 | D:6      | Reached skill level 1 in Transmutations
  7213 | D:6      | Reached skill level 1 in Earth Magic
  7486 | D:6      | Offered knowledge of Foxfire by Vehumet.
  7486 | D:6      | Reached ** piety under Vehumet
  7592 | D:6      | Found Deenig's Armour Emporium.
  7655 | D:6      | Found a broken altar of Ashenzari.
  7809 | D:6      | Reached XP level 10. HP: 56/60 MP: 4/22
  8439 | D:7      | Found a flagged portal.
  8459 | Bailey   | Entered a bailey
  8490 | Bailey   | Reached skill level 9 in Spellcasting
  8691 | Bailey   | Noticed Prince Ribbit
  8703 | Bailey   | Noticed a vault guard
  8711 | Bailey   | Killed Prince Ribbit
  8824 | Bailey   | Noticed a vault guard
  8845 | Bailey   | HP: 2/60 [vault guard/+0 broad axe (9)]
  9152 | Bailey   | Killed a vault guard
  9153 | Bailey   | Reached skill level 10 in Spellcasting
  9153 | Bailey   | Reached skill level 10 in Conjurations
  9160 | Bailey   | Killed a vault guard
  9390 | D:7      | Reached XP level 11. HP: 48/64 MP: 17/25
  9867 | D:7      | Offered knowledge of Scorch by Vehumet.
 10441 | D:8      | Reached *** piety under Vehumet
 11492 | D:9      | Found a sparkling altar of Nemelex Xobeh.
 12529 | D:9      | Identified 3 scrolls of acquirement
 12794 | D:9      | Acquired the ring "Tageed" {rN+++ MP+9 Stlth+}
 12836 | D:9      | Acquired the ring "Ufynnunn" {rC+ Str+4 Int+6 Dex-3 Stlth+}
 12839 | D:9      | Acquired 717 gold pieces
 12900 | D:10     | Entered Level 10 of the Dungeon
 12900 | D:10     | Found a transporter.
 12972 | D:10     | Offered knowledge of Sticky Flame by Vehumet.
 13027 | D:10     | Found a staircase to the Lair.
 13196 | D:10     | Reached skill level 11 in Spellcasting
 13300 | D:10     | Noticed a boulder beetle
 13310 | D:10     | Killed a boulder beetle
 13331 | D:10     | Found a transporter.
 13331 | D:10     | Noticed a boulder beetle
 13332 | D:10     | Noticed a two-headed ogre
 13332 | D:10     | Noticed a two-headed ogre
 13332 | D:10     | Noticed a cyclops
 13332 | D:10     | Noticed a centaur warrior
 13337 | D:10     | Noticed a tengu warrior
 13339 | D:10     | Noticed a cyan ugly thing
 13388 | D:10     | Noticed a fire giant
 13402 | D:10     | Noticed a two-headed ogre
 13408 | D:10     | Killed a two-headed ogre
 13511 | D:10     | Noticed a centaur warrior
 13518 | D:10     | Killed a centaur warrior
 14045 | D:11     | Found a runed translucent door.
 14045 | D:11     | Noticed sausages's ghost (journeyman FoFi)
 14131 | D:11     | Reached **** piety under Vehumet
 14135 | D:11     | Reached XP level 12. HP: 62/72 MP: 9/27
 14298 | D:11     | Offered knowledge of Lee's Rapid Deconstruction by Vehumet.
 14412 | D:11     | Noticed a two-headed ogre
 14419 | D:11     | Killed a two-headed ogre
 14420 | D:11     | Reached skill level 12 in Spellcasting
 14678 | D:11     | Found a staircase to the Orcish Mines.
 14783 | D:11     | Reached ***** piety under Vehumet
 14787 | D:11     | Offered knowledge of Olgreb's Toxic Radiance by Vehumet.
 14909 | D:11     | Learned a level 4 spell: Olgreb's Toxic Radiance
 15049 | D:11     | Noticed an eight-headed hydra
 15054 | D:11     | Killed an eight-headed hydra
 15055 | D:11     | Reached skill level 1 in Poison Magic
 15373 | D:12     | Noticed a two-headed ogre
 15384 | D:12     | Killed a two-headed ogre
 15452 | D:12     | Found the +3 crown of Dyrovepreva {rElec Int+2 SInv}
 15565 | D:12     | Reached skill level 5 in Fire Magic
 16323 | Lair:1   | Entered Level 1 of the Lair of Beasts
 16590 | Lair:1   | Reached skill level 5 in Poison Magic
 16704 | Lair:1   | Noticed a seven-headed hydra
 16709 | Lair:1   | Killed a seven-headed hydra
 16710 | Lair:1   | Reached XP level 13. HP: 77/77 MP: 26/29
 17749 | Lair:2   | Found a staircase to the Swamp.
 17988 | Lair:2   | Found a staircase to the Snake Pit.
 19085 | Lair:3   | Noticed Amaemon
 19098 | Lair:3   | Killed Amaemon
 19234 | Lair:3   | Reached skill level 5 in Dodging
 19234 | Lair:3   | Reached skill level 13 in Spellcasting
 19566 | Lair:4   | Offered knowledge of Hailstorm by Vehumet.
 19946 | Lair:4   | Noticed an ice dragon
 19989 | Lair:4   | Found a runed translucent gate.
 19989 | Lair:4   | Found a runed translucent gate.
 19989 | Lair:4   | Found a runed translucent gate.
 20025 | Lair:4   | Noticed Murgh's ghost (journeyman MiBe)
 20965 | Lair:4   | Reached XP level 14. HP: 85/85 MP: 30/31
 21035 | Lair:4   | Identified the ring "Veliujes" {Drain Str+6 Int+3 Slay+5}
 21329 | Lair:5   | Entered Level 5 of the Lair of Beasts
 21332 | Lair:5   | Reached skill level 1 in Shields
 21337 | Lair:5   | Reached skill level 5 in Earth Magic
 21408 | Lair:5   | Reached skill level 5 in Transmutations
 21751 | Lair:5   | Found a runed translucent gate.
 21751 | Lair:5   | Noticed Ypehuijo's ghost (journeyman OpFi)
 21752 | Lair:5   | Found a runed translucent gate.
 21753 | Lair:5   | Found a runed translucent gate.
 21773 | Lair:5   | Found a staircase to the Slime Pits.
 21773 | Lair:5   | Found a viscous altar of Jiyva.
 21824 | Lair:5   | Learned a level 2 spell: Blink
 22491 | Lair:5   | Reached skill level 14 in Spellcasting
 22879 | Lair:5   | Identified the +1 robe of the Heavens {rF+ Dex+5}
 23441 | Orc:1    | Entered Level 1 of the Orcish Mines
 23678 | Orc:1    | Offered knowledge of Eringya's Noxious Bog by Vehumet.
 23843 | Orc:1    | Found Wesipn's Antique Weapon Shop.
 23853 | Orc:1    | Bought an ebony trident for 212 gold pieces
 23853 | Orc:1    | Identified the +3 trident of Dujoe {drain, rF+ Dex+2} (You
                  | bought it in a shop on level 1 of the Orcish Mines)
 24168 | Orc:2    | Entered Level 2 of the Orcish Mines
 24288 | Orc:2    | Found Suthretu's Armour Emporium.
 24621 | Orc:2    | Found a staircase to the Elven Halls.
 24775 | Orc:2    | Reached XP level 15. HP: 74/90 MP: 23/33
 24865 | Orc:2    | Found Weklilat's Armour Emporium.
 24865 | Orc:2    | Found Maacleo's Jewellery Shop.
 24867 | Orc:2    | Found Rumnim's Jewellery Emporium.
 24867 | Orc:2    | Found Zojat's Book Shop.
 25097 | Elf:1    | Entered Level 1 of the Elven Halls
 25109 | Elf:1    | Reached skill level 15 in Conjurations
 25444 | Elf:1    | Reached skill level 15 in Spellcasting
 26077 | Elf:1    | Offered knowledge of Conjure Ball Lightning by Vehumet.
 26970 | Elf:1    | Reached XP level 16. HP: 95/95 MP: 35/35
 27164 | Elf:1    | Reached skill level 16 in Spellcasting
 27850 | Elf:2    | Noticed a Brimstone Fiend
 28847 | Elf:2    | Paralysed by an air elemental for 1 turns
 28851 | Elf:2    | Paralysed by an air elemental for 1 turns
 29018 | Elf:2    | Found a runed translucent gate.
 29018 | Elf:2    | Found a runed translucent gate.
 29018 | Elf:2    | Found a runed translucent gate.
 29580 | Orc:2    | Bought a book of Power for 672 gold pieces
 29587 | Orc:2    | Learned a level 6 spell: Iron Shot
 29971 | D:10     | Reached skill level 5 in Shields
 30409 | D:11     | Killed sausages's ghost
 30714 | Lair:5   | Killed Ypehuijo's ghost
 30931 | D:13     | Found a transporter.
 31192 | D:13     | Identified the +6 morningstar of Nauwy {protect, Dex+7}
 31405 | D:13     | Found a gate to the Vaults.
 31651 | D:13     | Found a transporter.
 31664 | D:13     | Found a one-way gate to the infinite horrors of the Abyss.
 31864 | D:14     | Noticed Kirke
 31865 | D:14     | Offered knowledge of Fireball by Vehumet.
 31866 | D:14     | Reached XP level 17. HP: 99/99 MP: 37/37
 31869 | D:14     | Killed Kirke
 31870 | D:14     | Reached skill level 17 in Spellcasting
 32504 | D:14     | Found Ajeucimu's Vocational Training.
 32517 | D:14     | Bought a manual of Evocations for 880 gold pieces
 32642 | D:15     | Entered Level 15 of the Dungeon
 33307 | D:15     | Found a staircase to the Depths.
 33361 | D:15     | Learned a level 5 spell: Fireball
 33605 | D:15     | Reached skill level 5 in Fighting
 34349 | D:13     | Noticed mtoz's ghost (journeyman GnWn)
 34511 | Swamp:1  | Entered Level 1 of the Swamp
 34763 | Swamp:1  | Noticed Jorgrun
 34781 | Swamp:1  | Killed Jorgrun
 34983 | Swamp:1  | Offered knowledge of Irradiate by Vehumet.
 34990 | Swamp:1  | Learned a level 5 spell: Irradiate
 35678 | Swamp:2  | Noticed Louise
 35696 | Swamp:2  | Killed Louise
 36327 | Swamp:3  | Noticed Bai Suzhen
 36616 | Swamp:3  | Killed Bai Suzhen
 36617 | Swamp:3  | Reached skill level 18 in Spellcasting
 36818 | Swamp:3  | Reached XP level 18. HP: 110/110 MP: 37/40
 37082 | Swamp:3  | Reached skill level 5 in Evocations
 37283 | Swamp:4  | Entered Level 4 of the Swamp
 37484 | Swamp:4  | Reached ****** piety under Vehumet
 37835 | Swamp:4  | Offered knowledge of Starburst by Vehumet.
 38021 | Swamp:4  | Noticed the 27-headed Lernaean hydra
 38024 | Swamp:4  | Killed the 27-headed Lernaean hydra
 38237 | Swamp:4  | Got a decaying rune of Zot
 38335 | Swamp:4  | Reached skill level 10 in Fire Magic
 39050 | Elf:3    | Entered Level 3 of the Elven Halls
 39105 | Elf:3    | Found a frozen archway.
 39170 | IceCv    | Entered an ice cave
 39836 | IceCv    | Noticed a shard shrike
 40026 | IceCv    | Killed a shard shrike
 40256 | IceCv    | Offered knowledge of Fire Storm by Vehumet.
 40256 | IceCv    | Offered knowledge of Shatter by Vehumet.
 40256 | IceCv    | Offered knowledge of Chain Lightning by Vehumet.
 40291 | IceCv    | Reached skill level 19 in Spellcasting
 40696 | Elf:3    | Learned a level 9 spell: Fire Storm
 40801 | Elf:3    | Reached XP level 19. HP: 116/116 MP: 41/42
 40855 | Elf:3    | Noticed Saint Roka
 40861 | Elf:3    | Killed Saint Roka
 42046 | Elf:3    | Acquired the ring of Yxtesoor {Will+ Str-4 Int+6 Dex+7
                  | Stlth+}
 42237 | Elf:3    | Identified the +8 shortbow "Legia" {flame, Str+2}
 42251 | Elf:3    | Identified the ring of Onwoafyh {rC+ EV+4 Str+7 Slay+2}
 42659 | Elf:3    | Identified the +6 sling of Gaggedud {flame, rF+ rN+}
 42689 | Elf:3    | Identified the ring of Sifriwk {Wiz Slay+5}
 42805 | Elf:3    | Got the Anthology of Necrotic Glaciation
 43184 | Snake:1  | Entered Level 1 of the Snake Pit
 44506 | Snake:1  | Found Kuhithri's Antique Weapon Boutique.
 44572 | Snake:1  | Reached XP level 20. HP: 121/121 MP: 30/43
 45567 | Snake:2  | Reached skill level 10 in Evocations
 45719 | Snake:2  | Noticed Vashnia
 45721 | Snake:2  | Killed Vashnia
 47352 | Snake:3  | Acquired 745 gold pieces
 47789 | Snake:4  | Entered Level 4 of the Snake Pit
 47829 | Snake:4  | Noticed Aizul
 47833 | Snake:4  | Killed Aizul
 48061 | Snake:4  | Found Edwe's Magic Scroll Boutique.
 48068 | Snake:4  | Bought a scroll of teleportation for 48 gold pieces
 48068 | Snake:4  | Bought a scroll of teleportation for 48 gold pieces
 48068 | Snake:4  | Bought a scroll of teleportation for 48 gold pieces
 48068 | Snake:4  | Bought a scroll of amnesia for 64 gold pieces
 48395 | Snake:4  | Reached skill level 20 in Spellcasting
 49558 | Snake:4  | Got a serpentine rune of Zot
 49906 | D:13     | Killed mtoz's ghost
 50523 | Lair:4   | Killed Murgh's ghost
 50610 | Lair:4   | Got the ring of the Past {Fire rElec rN+ Int+3}
 50632 | Lair:4   | Learned a level 9 spell: Shatter
 50880 | Vaults:1 | Entered Level 1 of the Vaults
 51206 | Vaults:1 | Reached XP level 21. HP: 127/127 MP: 45/45
 51932 | Vaults:1 | Reached skill level 5 in Staves
 52372 | Vaults:1 | Found Aho Xutu's Jewellery Boutique.
 52981 | Vaults:2 | Found a staircase to the Crypt.
 54046 | Vaults:3 | Reached skill level 15 in Fire Magic
 54330 | Vaults:3 | Found a gateway to a bazaar.
 54348 | Bazaar   | Entered a bazaar
 54348 | Bazaar   | Found Qoysumnu's Weapon Shoppe.
 54349 | Bazaar   | Found Baesm's Assorted Antiques.
 54366 | Bazaar   | Bought a glowing emerald ring for 110 gold pieces
 54366 | Bazaar   | Bought a potion of haste for 220 gold pieces
 54366 | Bazaar   | Bought a scroll of butterflies for 88 gold pieces
 54370 | Bazaar   | Found Cotrapewn's Distillery.
 54378 | Bazaar   | Bought a potion of berserk rage for 45 gold pieces
 54378 | Bazaar   | Bought a potion of curing for 27 gold pieces
 54378 | Bazaar   | Bought a potion of heal wounds for 45 gold pieces
 54378 | Bazaar   | Bought a potion of lignification for 27 gold pieces
 54378 | Bazaar   | Bought a potion of ambrosia for 72 gold pieces
 54378 | Bazaar   | Bought a potion of curing for 27 gold pieces
 54378 | Bazaar   | Found Veij's Assorted Antiques.
 54386 | Bazaar   | Bought a potion of heal wounds for 145 gold pieces
 54386 | Bazaar   | Bought a scroll of fear for 116 gold pieces
 54386 | Bazaar   | Bought a potion of curing for 87 gold pieces
 54386 | Bazaar   | Bought a potion of curing for 87 gold pieces
 54618 | Vaults:3 | Paralysed by an air elemental for 1 turns
 54623 | Vaults:3 | Reached skill level 10 in Earth Magic
 54818 | Vaults:3 | Noticed Sojobo
 54820 | Vaults:3 | Killed Sojobo
 54821 | Vaults:3 | Reached XP level 22. HP: 135/137 MP: 41/46
 55617 | Vaults:4 | Noticed Zenata
 55619 | Vaults:4 | Killed Zenata
 57613 | Slime:1  | Entered Level 1 of the Pits of Slime
 58443 | Slime:2  | Gained mutation: Your body sometimes deteriorates upon
                  | taking damage. [a shining eye]
 58484 | Slime:3  | Reached skill level 10 in Dodging
 59005 | Slime:5  | Entered Level 5 of the Pits of Slime
 59009 | Slime:5  | Reached XP level 23. HP: 123/144 MP: 40/47
 59139 | Slime:5  | Noticed the Royal Jelly
 59505 | Slime:5  | Found a viscous altar of Jiyva.
 59543 | Slime:5  | Found the +2 Maxwell's thermic engine {flame, freeze}
 59810 | Slime:5  | Killed the Royal Jelly
 59823 | Slime:5  | Identified the +0 lajatang "ETAOIN SHRDLU" {vorpal, rC+
                  | Int+2}
 59837 | Slime:5  | Identified the amulet "Goud" {Spirit rN+ Int-3 Dex+2}
 59863 | Slime:5  | Identified the +0 cloak of the Hurricane {rF- rN++ Int-3
                  | Dex+9}
 59872 | Slime:5  | Identified the +7 shortbow "Ysimiph" {freeze, rF+ Int+2
                  | SInv}
 59874 | Slime:5  | Got the Grimoire of the Maledictive Glacier
 59877 | Slime:5  | Identified the +5 scimitar "Murmur" {pain, Drain +Blink
                  | rCorr Str-4}
 59882 | Slime:5  | Identified the +11 long sword of Rotation {spect, rF++ rC-
                  | Dex+5}
 59889 | Slime:5  | Got the Almanac of Transforming Illusion
 59894 | Slime:5  | Got the Compilation of Deathly Excavation
 59901 | Slime:5  | Got a slimy rune of Zot
 61905 | Crypt:1  | Entered Level 1 of the Crypt
 62045 | Crypt:1  | Reached skill level 21 in Spellcasting
 62244 | Crypt:1  | Reached skill level 15 in Earth Magic
 62336 | Crypt:1  | Noticed Margery
 62363 | Crypt:1  | Killed Margery
 62542 | Crypt:1  | Identified the +8 mace of Instant Death {flame, Int+3}
 62557 | Crypt:1  | Reached skill level 10 in Fighting
 63201 | Crypt:1  | Got the Directory of Curses and Forms
 64416 | Crypt:3  | Entered Level 3 of the Crypt
 65019 | Crypt:3  | Reached XP level 24. HP: 156/156 MP: 47/48
 65329 | Crypt:3  | Found a staircase to the Tomb.
 65336 | Crypt:3  | Got the Octavo of the Dead
 65540 | Crypt:3  | Found a basalt altar of Yredelemnul.
 65544 | Crypt:3  | Noticed an ancient lich
 65550 | Crypt:3  | Killed an ancient lich
 65580 | Crypt:3  | Found the +7 great mace "Undeadhunter" {disrupt, rN+}
 65810 | Crypt:3  | Identified the ring of Light {rN+ Dex+4 Slay+2}
 65810 | Crypt:3  | Identified the ring "Jeddaex" {Drain rN+ Str+7 Dex-4
                  | Slay+6}
 66147 | Depths:1 | Entered Level 1 of the Depths
 66702 | Depths:1 | Found a gateway to Hell.
 66774 | Depths:1 | Found a shimmering blue altar of Sif Muna.
 67974 | Depths:2 | Paralysed by a floating eye for 3 turns
 68186 | Depths:2 | Identified the +1 scale mail of the Tired Visions {+Blink
                  | rF+++ Int+4 Stlth-}
 68674 | Depths:2 | Found a one-way gate leading to the halls of Pandemonium.
 68705 | Depths:2 | Found Ruri's General Store.
 68895 | Depths:2 | Found a one-way gateway to a ziggurat.
 69058 | Depths:2 | Found a portal to a secret trove of treasure.
 69071 | Depths:2 | You paid a toll of 5 scrolls of fear to enter a treasure
                  | trove
 69072 | Trove    | Entered a treasure trove
 69086 | Trove    | Identified the +3 flail of Tumult {speed, rF- Will+ Int+6}
 69097 | Trove    | Identified the ring of Grace {+Blink rC+ Str-3 Dex+3}
 69223 | Depths:3 | Reached skill level 22 in Spellcasting
 69251 | Depths:3 | Reached XP level 25. HP: 166/166 MP: 47/49
 69535 | Depths:3 | Found a white marble altar of Elyvilon.
 70195 | Depths:4 | Entered Level 4 of the Depths
 70201 | Depths:4 | Noticed a juggernaut
 70204 | Depths:4 | Killed a juggernaut
 70700 | Depths:4 | Found a gate to the Realm of Zot.
 71307 | Hell     | Entered the Vestibule of Hell
 71307 | Hell     | Noticed Geryon
 71314 | Hell     | Noticed Murray
 71316 | Hell     | Killed Murray
 71318 | Hell     | Killed Geryon
 71780 | Hell     | Found a gateway to the freezing wastes of Cocytus.
 71895 | Hell     | Found a gateway to the ashen valley of Gehenna.
 71974 | Hell     | Found a gateway to the decaying netherworld of Tartarus.
 72081 | Hell     | Found a gateway to the Iron City of Dis.
 72232 | Geh:1    | Entered Level 1 of Gehenna
 72236 | Geh:1    | Reached skill level 15 in Dodging
 72890 | Geh:2    | HP: 4/135 [hell hog/fireball (32)]
 72890 | Geh:2    | Killed from afar by a hell hog

Illustrated notes

Levels and vault maps discovered:
D:1:      mushboom_english_gardens, layout_rooms,
          dreamdust_ecumenical_altar_hidden_monk_grotto, nrook_loot_triangle
D:2:      layout_loops_cross
D:3:      layout_loops_ring, mainiacjoe_overflow_alcove_4,
          mainiacjoe_overflow_tiny_flanked, uniq_robin
D:4:      layout_cave_pools, mainiacjoe_overflow_brackets, serial_shops, shop,
          nicolae_ossuary_entry_giza, uniq_blork_the_orc, uniq_duvessa,
          uniq_eustachio, uniq_pikel
D:5:      wander_guarded_unrand_ratskin, layout_basic,
          nicolae_overflow_hallway_of_the_gods,
          nicolae_ru_great_annihilating_truth,
          minmay_temple_entry_statues_fountains
D:6:      layout_loops_ring, mainiacjoe_overflow_boulevard, serial_shops,
          nicolae_shop_crystal, portal_sewer_entry_d, nicolae_shop_gadgets
D:7:      layout_basic, enter_bailey_5, amcnicky_mini_pool_medium
D:8:      layout_cave_pods
D:9:      layout_grid_maze, kennysheep_mini_moat, serial_rivers,
          chequers_serial_rivers_micro_a, chequers_serial_rivers_small_3,
          chequers_serial_rivers_large_a, chequers_serial_rivers_large_b,
          chequers_serial_rivers_micro_c, chequers_serial_rivers_room_b
D:10:     gammafunk_the_bubble [the_bubble_gammafunk_plus_minus],
          layout_small_grid, grunt_lair_entry_orc_guard_hut
D:11:     layout_gridville, zombieorc2_lemuel, hellmonk_ghost_happy_afterlife,
          serial_ice, serial_ice_f, serial_ice_i, serial_ice_o, serial_ice_b
D:12:     cheibrodos_wizards_tower, layout_irregular_city, serial_column_ruins,
          column_ruins_grid_3, column_ruins_grid_1,
          column_ruins_corridor_straight, column_ruins_open_small_water
D:13:     layout_loops_ring, skrybe_vaults_entry_preservation,
          gammafunk_ghost_abyssal_escape
D:14:     layout_big_octagon, serial_glass, glass_columns_a, glass_columns_c,
          nicolae_shop_vocational, uniq_kirke
D:15:     hangedman_depths_entry_civil_slaughter, layout_grid_maze,
          chequers_serial_rivers_micro_d
Temple:   eino_temple_lava
Lair:1:   layout_loops_ring, chequers_serial_rivers_room_a,
          serial_bayou_shore_b, infiniplex_staircase_pool_2
Lair:2:   layout_roguey, minmay_swamp_entry_wisps, guppyfry_snake_entry_island
Lair:3:   layout_gridlike, grunt_megastairs_4, uniq_amaemon
Lair:4:   kb_forest_paths, layout_regular_city, gammafunk_ghost_icy,
          serial_bayou_crossing
Lair:5:   gammafunk_lair_ancient_temple, layout_regular_city,
          minmay_slime_entry_eyes, gammafunk_ghost_hydra_chop
Swamp:1:  layout_falls_marsh, nicolae_swamp_trees_clearing,
          infiniplex_staircase_pool, uniq_jorgrun
Swamp:2:  layout_falls_marsh, nicolae_swamp_tree_designs, uniq_louise
Swamp:3:  layout_basic_swamp, evilmike_swamp_ruin_house_4, uniq_bai_suzhen
Swamp:4:  swamp, layout_basic_swamp, swamp_pool3
Snake:1:  layout_chambers, serial_shops, shop, nicolae_snake_magic_snake_eye
Snake:2:  layout_chambers, nicolae_integral_box, uniq_vashnia
Snake:3:  layout_cave_town, grunt_megastairs_3
Snake:4:  minmay_snake_end_coiled, layout_cave_town, serial_shops, shop,
          st_stairs_12, uniq_aizul
Slime:1:  layout_caves
Slime:2:  layout_caves
Slime:3:  cheibrodos_slime_lost_civilization_8, layout_caves
Slime:4:  cheibrodos_slime_lost_civilization_2, layout_caves
Slime:5
Orc:1:    layout_caves, serial_shops, shop, mines1_david
Orc:2:    grunt_orc_tribal_feast, layout_caves, serial_shops, shop, basic_altar
Elf:1:    eino_elf_arrival_customs, layout_rooms, minivault_28,
          grunt_megastairs_1
Elf:2:    elven_hall_of_blades_hangedman_original [nooodl_blade_entry_preview],
          layout_loops_cross
Elf:3:    minmay_elf_hall_x, layout_geoelf_grid,
          portal_ice_cave_entry_ice_simulacra, minivault_20,
          nicolae_elf_free_trip_to_the_abyss, uniq_saint_roka
Vaults:1: vaults_room_ringed_pool, nicolae_vaults_minivaults,
          hangedman_vaults_snaps, vaults_mumra_chevron,
          nicolae_vaults_network_periphery, vaults_room_fancy_cross,
          nicolae_vaults_asterisk, nicolae_vaults_windows_and_doors_thing,
          grunt_vaults_diagonal, nicolae_vaults_asterisk, vaults_room_door_hall,
          layout_vaults_ring, serial_shops, shop
Vaults:2: minmay_crypt_entry_vampire_xt, nicolae_vaults_circle_grid_b,
          special_room_vaults [special_room_orc],
          ontoclasm_vaults_loading_screen, nicolae_vaults_alarming,
          nicolae_vaults_little_squares_1, ontoclasm_vaults_ligature,
          layout_vaults_omnigrid
Vaults:3: ontoclasm_vaults_spin, v_misc_4, special_room_vaults
          [special_room_orc], vaults_dpeg_ring, nicolae_vaults_little_squares_6,
          grunt_vaults_funnel, nicolae_vaults_little_squares_3,
          ontoclasm_vaults_chip, vaults_room_pools, layout_vaults_big_room,
          serial_shops, bzr_entry_water, uniq_sojobo
Vaults:4: nicolae_vaults_ring_of_whatevers, v_misc_14, vaults_dpeg_diagonal,
          hangedman_vaults_trim, v_misc_23, hangedman_vaults_trim,
          nicolae_vaults_network_quincunx
          [nicolae_vaults_network_quincunx_subvault,
          nicolae_vaults_network_quincunx_subvault,
          nicolae_vaults_network_quincunx_subvault,
          nicolae_vaults_network_quincunx_subvault,
          nicolae_vaults_network_quincunx_subvault],
          nicolae_vaults_twisting_passages, nicolae_vaults_big_ls, v_rooms_3,
          nicolae_vaults_angled_halls, ontoclasm_vaults_fault,
          grunt_vaults_hallway_short, vaults_dpeg_encased_lava,
          ontoclasm_vaults_shuriken, layout_vaults_maze_bifur, uniq_zenata
Crypt:1:  layout_basic, st_stairs_9, ebering_dispersal_statue_hall,
          st_small_mortuary, uniq_margery
Crypt:2:  layout_gridlike
Crypt:3:  cryptofortress_bobbens
Depths:1: layout_gridlike, basic_altar, pf_coc_iceberg, minmay_misc_feat_iff,
          nicolae_twisting_strands, kennysheep_generic_room_7
Depths:2: minmay_the_grid_square_5x5_5x5
          [minmay_the_grid_square_5x5_beaten_path,
          minmay_the_grid_square_5x5_forky, minmay_the_grid_square_5x5_two,
          minmay_the_grid_square_5x5_fat_x, minmay_the_grid_square_5x5_bite,
          minmay_the_grid_square_5x5_n, minmay_the_grid_square_5x5_prize_open,
          minmay_the_grid_square_5x5_pentomino_r,
          minmay_the_grid_square_5x5_prize_rear_guard,
          minmay_the_grid_square_5x5_three,
          minmay_the_grid_square_5x5_hollow_slash,
          minmay_the_grid_square_5x5_bracketed,
          minmay_the_grid_square_5x5_prize_waves,
          minmay_the_grid_square_5x5_corner,
          minmay_the_grid_square_5x5_moneybag,
          minmay_the_grid_square_5x5_checkered,
          minmay_the_grid_square_5x5_prize_junk,
          minmay_the_grid_square_5x5_hourglass,
          minmay_the_grid_square_5x5_prize_monsterx,
          minmay_the_grid_square_5x5_dogpile,
          minmay_the_grid_square_5x5_minimal,
          minmay_the_grid_square_5x5_intrusive_squares,
          minmay_the_grid_square_5x5_inner_v, minmay_the_grid_square_5x5_plus,
          minmay_the_grid_square_5x5_three_walls], layout_basic,
          enter_ziggurat_a, chequers_serial_rivers_marsh, grunt_metal_band,
          enter_trove_3, rand_demon_pan_entry_5, abyss_entry_glasseish,
          nicolae_take_the_stairs
Depths:3: nicolae_cairo_tiling_large_dashed, layout_gridville,
          hangedman_abyss_entry_splay, hell_entry, rand_demon_pan_entry_9,
          minmay_misc_feat_square, elyvilon_altar_4
Depths:4: grunt_zot_entry_tricorne, layout_gridlike,
          hangedman_tar_grid_catacomb, rand_demon_pan_entry_7,
          nicolae_abyss_entry_one_way_or_another
Hell
Geh:1:    layout_gehenna_pools_triple
Geh:2:    layout_gehenna_pools_box

Skill      XL: |  1  2  3  4  5  6  7  8  9 10 11 12 13 14 15 16 17 18 19 20 21 22 23 24 25 |
---------------+----------------------------------------------------------------------------+-----
Spellcasting   | 3 4 5 6 7 8 10 11 12 13 14 15 16 18 19 20 21 22 | 22.8
Translocations | 1 2 |  2.0
Conjurations   | 6 7 8 10 12 13 14 16 17 18 19 20 | 20.0
Fire Magic     | 1 2 3 4 5 6 8 11 13 14 15 16 17 18 | 18.0
Staves         | 1 2 3 4 5 |  5.0
Evocations     | 1 2 3 4 8 9 12 14 | 14.3
Fighting       | 1 2 3 4 6 7 8 10 12 14 | 14.3
Stealth        | 3 |  3.0
Transmutations | 1 2 4 5 |  5.0
Earth Magic    | 1 2 4 5 7 8 10 14 15 | 15.0
Dodging        | 3 4 5 6 8 9 10 11 13 15 | 15.1
Poison Magic   | 5 6 |  6.0
Shields        | 4 5 6 8 9 |  9.0

Action                   |  1- 3 |  4- 6 |  7- 9 | 10-12 | 13-15 | 16-18 | 19-21 | 22-24 | 25-27 || total
-------------------------+-------+-------+-------+-------+-------+-------+-------+-------+-------++-------
Melee: Staff             |    20 |    19 |    97 |   149 |   111 |    13 |    34 |     7 |     1 ||   451
       Tentacles         |     4 |     4 |    30 |    38 |    30 |     4 |    19 |     1 |       ||   130
       Constrict         |    12 |     9 |    32 |    36 |    25 |     2 |     8 |     1 |       ||   125
       Punch             |     1 |       |     2 |     2 |     1 |       |     2 |       |       ||     8
Throw: Dart              |       |       |       |     5 |       |     3 |       |       |       ||     8
 Cast: Magic Dart        |    80 |    89 |   226 |   213 |   186 |    11 |    16 |     3 |     1 ||   825
       Iskenderun's Myst |       |     4 |    25 |   109 |   177 |   142 |    55 |    26 |    16 ||   554
       Mephitic Cloud    |       |     5 |     1 |     8 |       |       |     1 |       |       ||    15
       Freezing Cloud    |       |       |       |    31 |   112 |    96 |    12 |     1 |     1 ||   253
       Olgreb's Toxic Ra |       |       |       |     6 |    33 |    13 |     9 |     8 |     2 ||    71
       Iron Shot         |       |       |       |       |       |   215 |   228 |   153 |    47 ||   643
       Fireball          |       |       |       |       |       |     4 |     2 |    13 |     3 ||    22
       Irradiate         |       |       |       |       |       |     4 |     1 |       |       ||     5
       Fire Storm        |       |       |       |       |       |       |   127 |   270 |    76 ||   473
       Shatter           |       |       |       |       |       |       |       |    16 |     8 ||    24
Evoke: Wand              |       |     3 |     2 |     5 |     3 |     5 |     3 |       |       ||    21
  Use: Potion            |       |     1 |     1 |     5 |     4 |    12 |     1 |     1 |     2 ||    27
       Scroll            |       |       |    11 |     7 |     7 |     3 |     3 |     1 |     2 ||    34
 Stab: Sleeping          |       |       |     7 |     3 |     2 |       |       |       |       ||    12
       Distracted        |       |       |       |       |     1 |       |       |       |       ||     1
       Invisible         |       |       |       |       |       |       |     1 |       |       ||     1
Armor: Skin              |     2 |    30 |    56 |    58 |    34 |    19 |     4 |     4 |     7 ||   214
Dodge: Dodged            |     5 |    38 |    98 |   105 |    67 |    27 |    40 |    24 |    26 ||   430
Block: Other             |       |       |    13 |    48 |    22 |       |       |       |       ||    83
       Reflection        |       |       |     1 |     7 |     6 |    18 |    16 |     1 |       ||    49
       Buckler           |       |       |       |       |    13 |    41 |    37 |    14 |    10 ||   115
